Map: Frozen Temple

Players

Pokebunny - Winner!

  • Race: Terran Terran
  • League: Grandmaster

Pawjaw

  • Race: Zerg Zerg
  • League: Master

VOD

Have the link to the VOD?

Description

Time

  • Played on: April 4, 2016, 6:04 p.m.
  • Length: 8:13
Show
View Real Time Build Order
Export as new Build Order

Pokebunny Terran - Winner!

Build Orders: Reaper Expand, MMM Bio 

Get SALT Encoding   

  12  0:00  SCV  
  13  0:13  SCV  
  14  0:17  Supply Depot  
  14  0:25  SCV  
  15  0:39  SCV  
  15  0:40  Barracks  
  16  0:44  Refinery  
  16  0:51  SCV  
  17  1:03  SCV  
  18  1:15  SCV  
  19  1:27  Orbital Command, Reaper  
  20  1:39  Command Center  
  20  1:55  SCV  
  20  1:56  Supply Depot  
  20  2:01  Barracks Reactor  
  21  2:06  Barracks  
  21  2:07  SCV  
  22  2:16  Barracks  
  22  2:20  SCV  
  23  2:32  SCV  
  23  2:34  Refinery  
  24  2:42  Factory  
  24  2:46  Marine x2  
  24  2:47  SCV  
  27  2:52  Orbital Command  
  27  2:55  Barracks Tech Lab  
  27  2:59  SCV  
  27  3:04  Marine  
  29  3:08  Marine x2  
  31  3:14  Stimpack  
  31  3:16  Marine  
  31  3:17  SCV  
  33  3:24  Marine  
  34  3:33  Marine x2  
  34  3:34  Marine  
  36  3:35  Starport  
  36  3:36  Factory Reactor  
  37  3:46  Marine  
  37  3:48  SCV x2  
  39  3:51  Marine  
  39  3:54  Supply Depot  
  40  3:56  Marine x2  
  42  4:03  Supply Depot  
  42  4:05  Marine  
  42  4:09  Marine  
  44  4:10  SCV x2  
  46  4:17  Bunker  
  46  4:23  Medivac  
  46  4:24  Medivac  
  50  4:25  SCV x2  
  50  4:28  Marine x2  
  50  4:30  Marine  
  55  4:31  Marine  
  55  4:34  Factory Tech Lab  
  55  4:37  SCV x2  
  58  4:45  Supply Depot  
  58  4:48  Supply Depot  
  58  4:49  Barracks Reactor  
  58  4:50  Marine x3  
  61  4:57  SCV  
  63  5:07  Command Center, SCV  
  63  5:11  SCV  
  64  5:19  SCV  
  64  5:28  SCV  
  63  5:31  SCV  
  63  5:32  Medivac x2  
  63  5:33  Siege Tank  
  71  5:36  Marine x5  
  75  5:49  Combat Shields  
  72  5:50  SCV x2  
  72  5:52  Refinery  
  72  5:53  Refinery  
  74  5:59  Engineering Bay x2  
  74  6:03  Marine x2  
  74  6:04  Marine  
  77  6:13  Supply Depot  
  77  6:16  SCV  
  78  6:19  Siege Tank, Marine  
  78  6:23  Supply Depot  
  82  6:36  Marine x2  
  82  6:37  Marine x2  
  82  6:50  Marine  
  82  6:52  SCV  
  82  6:53  Orbital Command, SCV  
  85  6:54  Marine x3  
  85  7:00  Siege Tank  
  87  7:07  Barracks  
  87  7:11  Barracks  
  87  7:13  Orbital Command  
  87  7:19  Marine x2  
  87  7:20  Marine x3  
  87  7:21  SCV x2  
  91  7:37  Siege Tank  
  90  7:48  Marine x4, Marauder  
  90  7:51  SCV x3  
  98  7:58  Armory  
  98  8:02  Barracks Reactor x2  
Show
View Real Time Build Order
Export as new Build Order

Pawjaw Zerg 

Build Orders: Hatch First 

Get SALT Encoding   

  12  0:01  Drone  
  13  0:12  Overlord  
  13  0:19  Drone  
  14  0:31  Drone x2  
  17  0:35  Drone  
  17  0:53  Hatchery  
  17  0:56  Drone  
  17  1:00  Drone  
  18  1:10  Extractor  
  17  1:14  Spawning Pool  
  17  1:16  Drone  
  17  1:20  Drone  
  18  1:28  Drone  
  19  1:38  Overlord  
  19  1:51  Drone  
  20  2:00  Queen  
  22  2:04  Zergling x2, Queen  
  22  2:05  Zergling x2  
  26  2:21  Hatchery  
  25  2:25  Metabolic Boost  
  25  2:32  Drone  
  25  2:33  Drone  
  25  2:35  Drone  
  27  2:45  Queen  
  27  2:47  Drone  
  30  2:52  Zergling x2  
  30  2:58  Drone  
  32  3:00  Overlord  
  32  3:01  Drone  
  32  3:05  Drone x2  
  35  3:09  Drone  
  36  3:34  Drone x3  
  36  3:35  Drone x3  
  36  3:37  Overlord  
  36  3:39  Queen  
  43  3:48  Zergling x6  
  43  3:49  Zergling x4  
  43  3:50  Lair  
  43  3:55  Drone x2  
  50  3:56  Extractor  
  50  3:58  Extractor  
  50  3:59  Drone  
  48  4:10  Drone x3  
  48  4:13  Overlord  
  48  4:16  Zergling x6  
  48  4:17  Zergling x2  
  55  4:22  Drone, Extractor  
  55  4:25  Roach Warren  
  55  4:30  Overlord  
  54  4:32  Evolution Chamber  
  54  4:37  Overlord  
  54  4:40  Zergling x6  
  57  4:48  Overlord  
  57  4:55  Drone  
  57  4:56  Drone x5  
  57  4:58  Zerg Missile Weapons Level 1  
  63  5:08  Roach x3  
  63  5:14  Roach x3  
  69  5:24  Roach  
  69  5:25  Roach x3  
  72  5:29  Roach x2  
  72  5:34  Glial Reconstitution  
  74  5:36  Roach  
  75  5:45  Overlord x3  
  75  5:54  Extractor  
  74  6:04  Queen  
  74  6:08  Hatchery  
  74  6:09  Roach x3  
  81  6:11  Roach  
  81  6:18  Overlord  
  82  6:37  Drone x7  
  83  6:49  Overlord  
  83  6:50  Overlord  
  83  6:59  Roach  
  83  7:00  Roach x5  
  90  7:02  Ravager  
  90  7:03  Overlord  
  90  7:08  Ravager x2  
  93  7:09  Ravager  
  93  7:10  Ravager  
  93  7:11  Ravager  
  93  7:15  Roach x2, Infestation Pit  
  99  7:17  Roach  
  99  7:18  Roach x2  
  105  7:36  Overlord x2  
  105  7:38  Drone x3  
  102  7:47  Hatchery  
  99  8:00  Ravager  
  99  8:01  Ravager  
Tags
 
Add a new tag
Caveats
  • Supply blocks, unpowered buildings, or Contaminate may cause inaccurate times.
  • Supply counts are checked every 10 seconds.